Map: Turbo Cruise '84 LE

Players

ZhuGeLiang

  • Race: Zerg Zerg
  • League: Grandmaster
  • Spawn Location: 3:00

Serral - Winner!

  • Race: Zerg Zerg
  • League: Grandmaster
  • Spawn Location: 7:00

Event: 2019 Assembly Summer

VOD

Have the link to the VOD?

Description

Time

  • Played on: Aug. 1, 2019, 5:38 a.m.
  • Length: 5:02

All games in this series

Show
View Real Time Build Order
Export as new Build Order

ZhuGeLiang Zerg 

Build Orders: Hatch First 

Get SALT Encoding   

  12  0:00  Drone  
  13  0:12  Overlord  
  13  0:17  Drone  
  14  0:30  Drone x2  
  16  0:49  Hatchery  
  15  0:52  Drone  
  15  0:55  Drone  
  17  1:00  Drone  
  18  1:11  Extractor  
  17  1:15  Spawning Pool  
  17  1:18  Drone  
  17  1:21  Drone  
  18  1:27  Drone  
  19  1:38  Drone  
  20  1:49  Drone  
  21  2:00  Overlord  
  21  2:01  Queen x2  
  21  2:02  Drone  
  26  2:11  Drone  
  26  2:12  Drone  
  28  2:22  Drone  
  29  2:23  Drone  
  30  2:32  Overlord  
  30  2:33  Zergling x2  
  31  2:37  Queen  
  31  2:43  Drone x2  
  35  2:57  Roach Warren  
  34  2:59  Evolution Chamber  
  34  3:03  Metabolic Boost  
  33  3:07  Overlord x2  
  33  3:14  Evolution Chamber  
  32  3:37  Roach x8  
  32  3:40  Roach  
  50  3:45  Overlord  
  50  3:46  Roach  
  52  3:53  Roach  
  54  3:56  Zergling x8  
  57  4:07  Zergling x2  
  57  4:14  Zergling x10  
  62  4:23  Ravager  
  62  4:24  Zergling x6  
  62  4:29  Zergling x2  
  62  4:30  Zergling x2  
  66  4:43  Zergling x4  
Show
View Real Time Build Order
Export as new Build Order

Serral Zerg - Winner!

Build Orders: Hatch First 

Get SALT Encoding   

  12  0:00  Drone  
  13  0:12  Overlord  
  13  0:17  Drone  
  14  0:30  Drone x2  
  16  0:49  Hatchery  
  15  0:51  Drone  
  15  0:56  Drone  
  17  0:59  Drone  
  18  1:09  Extractor  
  17  1:14  Spawning Pool  
  17  1:18  Drone  
  17  1:20  Drone  
  18  1:27  Drone  
  19  1:38  Drone  
  20  1:48  Overlord  
  20  2:00  Queen x2  
  24  2:03  Zergling x2  
  24  2:04  Drone  
  26  2:08  Metabolic Boost  
  26  2:10  Drone  
  26  2:13  Drone  
  28  2:22  Drone  
  29  2:23  Drone  
  30  2:35  Hatchery  
  29  2:39  Drone  
  29  2:41  Drone  
  31  2:47  Drone, Evolution Chamber  
  30  2:55  Overlord  
  30  2:58  Drone x2  
  32  3:08  Drone x2  
  32  3:10  Drone, Zergling x2  
  36  3:14  Zergling x8  
  40  3:25  Roach Warren  
  40  3:27  Drone  
  40  3:28  Drone  
  41  3:36  Overlord  
  41  3:38  Drone  
  41  3:39  Drone  
  41  3:40  Drone  
  44  3:47  Drone  
  45  3:49  Drone x4  
  49  3:57  Overlord  
  49  4:00  Spine Crawler  
  49  4:02  Spine Crawler  
  45  4:06  Roach  
  45  4:07  Roach x2  
  50  4:11  Roach, Extractor  
  50  4:13  Roach  
  56  4:17  Roach x3  
  56  4:21  Evolution Chamber  
  56  4:22  Evolution Chamber  
  57  4:25  Roach  
  57  4:28  Roach  
  57  4:29  Roach  
  63  4:33  Roach  
Tags
 
Add a new tag
Caveats
  • Supply blocks, unpowered buildings, or Contaminate may cause inaccurate times.
  • Supply counts are checked every 10 seconds.